 Dungeon Crawl Stone Soup version 0.28.0-43-g3370ac3207 (console) character file.

Game seed: 12662601867020393406

1975 Zeor the Covert (level 9, -6/45 HPs)
             Began as a Vine Stalker Brigand on Mar 13, 2022.
             Was an Initiate of Wu Jian.
             Mangled by a vampire mosquito (8 damage)
             ... on level 7 of the Dungeon.
             The game lasted 00:25:42 (6776 turns).

Zeor the Covert (Vine Stalker Brigand)              Turns: 6776, Time: 00:25:43

Health: -6/45      AC:  6    Str: 15    XL:     9   Next: 20%
Magic:  0/10       EV: 14    Int: 11    God:    Wu Jian [......]
Gold:   449        SH:  0    Dex: 19    Spells: 8/8 levels left

rFire   . . .      SeeInvis .   c - +0 dagger (holy)
rCold   + . .      Faith    .   (no shield)
rNeg    . . .      Spirit   +   s - +0 leather armour
rPois   .          Reflect  .   (no helmet)
rElec   .          Harm     .   q - +1 cloak
rCorr   .          Rampage  .   (no gloves)
Will    +....                   t - +0 pair of boots
Stlth   ++++......              x - amulet of the acrobat
HPRegen 0.95/turn               B - ring of protection from cold
MPRegen 0.12/turn               (no ring)

@: no status effects
A: fangs 3, regeneration 1, magic shield, antimagic bite, no potion heal 2
a: Renounce Religion


You were on level 7 of the Dungeon.
You worshipped Wu Jian.
Wu Jian was noncommittal.
You visited 1 branch of the dungeon, and saw 7 of its levels.

You collected 449 gold pieces.

Inventory:

Hand Weapons
 a - a +3 short sword of protection
 b - a +2 dagger
 c - a +0 dagger of holy wrath (weapon)
 z - a +0 arbalest
Missiles
 d - 25 poisoned darts (quivered)
 e - 7 curare-tipped darts
 g - 90 arrows
 l - 29 bolts
Armour
 q - a +1 cloak (worn)
 s - a +0 leather armour (worn)
 t - a +0 pair of boots (worn)
Jewellery
 k - a ring of flight
 o - a ring of wizardry
 w - a +6 ring of intelligence
 x - an amulet of the acrobat (around neck)
 B - a ring of protection from cold (left hand)
Wands
 p - a wand of acid (8)
 v - a wand of flame (15)
 y - a wand of iceblast (8)
 A - a wand of paralysis (10)
Scrolls
 f - 2 scrolls of blinking
 i - 8 scrolls of identify
 u - a scroll of teleportation
Potions
 h - 5 potions of flight
 j - 2 potions of might
 m - a potion of curing
 n - a potion of brilliance
 r - 2 potions of lignification


   Skills:
 + Level 3.9 Fighting
 + Level 5.9 Short Blades
 + Level 2.0 Throwing
 + Level 3.3 Armour
 * Level 4.4 Dodging
 + Level 9.0 Stealth


You had 8 spell levels left.
You didn't know any spells.
Your spell library contained the following spells:

 Spells                   Type           Power      Damage    Failure   Level
 Corpse Rot               Necr/Air       0%         N/A       54%         2
 Poisonous Vapours        Pois/Air       0%         N/A       54%         2
 Ozocubu's Armour         Ice            0%         N/A       78%         3
 Metabolic Englaciation   Hex/Ice        0%         N/A       100%        5
 Simulacrum               Ice/Necr       0%         N/A       100%        6


Dungeon Overview and Level Annotations

Branches:
Dungeon (7/15)
 Temple: D:4-7

Altars:
Wu Jian
Xom

Shops:
D:3 :

Annotations:
D:4 1 runed translucent door, Crazy Yiuf
D:6 exclusion: electric eel


Innate Abilities, Weirdness & Mutations

You have razor-sharp teeth.
Your natural rate of healing is unusually fast.
When hurt, damage is shared between your health and your magic reserves.
Your bite disrupts and absorbs the magic of your enemies.
Potions cannot restore your health.


Message History

You hit the vampire mosquito.
The vampire mosquito convulses.
The vampire mosquito is heavily damaged.
The vampire mosquito bites you.
The vampire mosquito draws strength from your injuries!
You miss the vampire mosquito. Your bite misses the vampire mosquito.
The vampire mosquito is heavily damaged.
The vampire mosquito barely misses you. The vampire mosquito bites you!
* * * LOW HITPOINT WARNING * * *
The vampire mosquito draws strength from your injuries!
You hit the vampire mosquito but do no damage.
The vampire mosquito is moderately damaged.
The vampire mosquito bites you but does no damage.
You barely miss the vampire mosquito. You bite the vampire mosquito.
You drain its power.
You feel invigorated.
The vampire mosquito is moderately damaged.
The vampire mosquito misses you.
You miss the vampire mosquito. Your bite misses the vampire mosquito.
The vampire mosquito is moderately damaged.
The vampire mosquito bites you.
* * * LOW HITPOINT WARNING * * *
The vampire mosquito draws strength from your injuries!
You barely miss the vampire mosquito. Your bite misses the vampire mosquito.
The vampire mosquito is moderately damaged.
The vampire mosquito bites you.
* * * LOW HITPOINT WARNING * * *
The vampire mosquito draws strength from your injuries!
The vampire mosquito bites you.
* * * LOW HITPOINT WARNING * * *
The vampire mosquito draws strength from your injuries!
You closely miss the vampire mosquito. You bite the vampire mosquito.
You drain its power.
You feel invigorated.
The vampire mosquito is moderately damaged.
The vampire mosquito bites you.
* * * LOW HITPOINT WARNING * * *
The vampire mosquito draws strength from your injuries!
You hit the vampire mosquito but do no damage.
Your bite misses the vampire mosquito.
The vampire mosquito is moderately damaged.
The vampire mosquito bites you!
You die... ▒∙▒ ▒∙▒ ▒∙ ▒∙▒ ▒∙▒ ▒∙ ▒▒▒▒▒▒▒∙▒▒▒▒∙▒▒▒▒▒▒▒ ▒∙ ∙∙∙∙∙∙∙)∙∙∙∙∙∙∙∙∙∙∙∙

▒∙
▒▒▒▒▒▒▒∙▒▒▒▒∙▒▒▒▒▒▒▒▒▒▒▒▒▒∙
▒∙▒ ▒∙∙∙∙∙∙∙∙∙∙∙∙∙∙∙ ▒∙▒
▒▒▒▒▒▒▒▒▒▒▒▒▒▒▒∙
▒∙▒▒▒▒▒▒▒▒▒▒ ▒∙
▒∙∙∙fy∙∙∙∙∙∙ ▒∙
▒∙▒▒▒▒▒▒▒▒▒▒ ▒∙ ▒∙▒ ▒∙ ▒▒▒
▒▒


You could see a vampire mosquito.

Vanquished Creatures
  An ugly thing (D:6)
  A vampire mosquito (D:7)
  A steam dragon (D:7)
  A water moccasin (D:6)
  A necrophage (D:6)
  An ice beast (D:6)
  2 phantoms (D:6)
  3 bullfrogs
  A kobold brigand (D:7)
  Blork the orc (D:5)
  A scorpion (D:4)
  A water moccasin zombie (D:6)
  2 bullfrog zombies
  A bullfrog skeleton (D:6)
  3 hounds (D:5)
  An orc priest (D:4)
  3 iguanas
  3 hound skeletons (D:4)
  2 adders
  A gnoll (D:4)
  2 white imps
  4 ufetubi
  3 worms
  3 dart slugs
  14 orcs
  4 ball pythons
  6 endoplasms
  2 giant cockroaches
  5 goblins
  5 hobgoblins
  3 quokkas
  A bat (D:2)
  3 frilled lizards
  10 kobolds
  3 rats
99 creatures vanquished.

Vanquished Creatures (others)
  A plant (D:6)
1 creature vanquished.

Grand Total: 100 creatures vanquished

Notes
Turn   | Place    | Note
-------+----------+-------------------------------------------
     0 | D:1      | Zeor the Vine Stalker Brigand began the quest for the Orb.
     0 | D:1      | Reached XP level 1. HP: 11/11 MP: 2/2
    55 | D:1      | Reached skill level 5 in Stealth
   379 | D:1      | Reached XP level 2. HP: 14/15 MP: 3/3
   678 | D:1      | Reached skill level 1 in Dodging
  1307 | D:2      | Reached XP level 3. HP: 18/18 MP: 4/4
  2281 | D:3      | Reached skill level 6 in Stealth
  2387 | D:3      | Found Feotz's Book Boutique.
  2488 | D:3      | Gained mutation: Your natural rate of healing is unusually
                  | fast. [Vine Stalker growth]
  2488 | D:3      | Reached XP level 4. HP: 23/23 MP: 5/5
  3149 | D:4      | Noticed a bullfrog
  3195 | D:4      | Killed a bullfrog
  3196 | D:4      | Reached XP level 5. HP: 26/26 MP: 6/6
  3272 | D:4      | Found a runed translucent door.
  3273 | D:4      | Noticed Crazy Yiuf
  3324 | D:4      | Found a large runed translucent door.
  3326 | D:4      | Found a large runed translucent door.
  3583 | D:4      | Reached XP level 6. HP: 32/32 MP: 7/7
  3757 | D:4      | Found a shimmering altar of Xom.
  3774 | D:4      | Found an ornate altar of the Wu Jian Council.
  3964 | D:5      | Entered Level 5 of the Dungeon
  4052 | D:5      | Reached skill level 7 in Stealth
  4307 | D:5      | Reached skill level 1 in Armour
  4337 | D:5      | Noticed Blork the orc
  4344 | D:5      | Killed Blork the orc
  4345 | D:5      | Reached XP level 7. HP: 35/35 MP: 8/8
  4852 | D:6      | Gained mutation: You have razor-sharp teeth. [Vine Stalker
                  | growth]
  4852 | D:6      | Reached XP level 8. HP: 28/40 MP: 9/9
  5103 | D:6      | Noticed a brown ugly thing
  5206 | D:6      | Reached skill level 8 in Stealth
  5278 | D:4      | Became a worshipper of the Wu Jian Council
  5516 | D:6      | Killed a brown ugly thing
  5517 | D:6      | Reached skill level 5 in Short Blades
  6037 | D:7      | Reached XP level 9. HP: 45/45 MP: 10/10
  6208 | D:7      | Reached skill level 9 in Stealth
  6775 | D:7      | HP: 1/45 [vampire mosquito (4)]
  6776 | D:7      | Mangled by a vampire mosquito

Illustrated notes

Levels and vault maps discovered:
D:1:      psy_arrival_radial02, layout_loops_ring
D:2:      layout_loops_cross, nicolae_elevator_lobby_plus
D:3:      layout_basic, serial_shops, nicolae_shop_hallway_plus
D:4:      layout_basic, jmf_multi_god_temple2, minmay_temple_entry_from_below_b,
          amethyst_killhole, grunt_decor_junction, uniq_crazy_yiuf_cottage
D:5:      layout_loops_ring, nicolae_zen_rock_garden, uniq_blork_the_orc
D:6:      cheibrodos_two_vegetables, layout_loops_cross
D:7:      layout_basic

Skill      XL: |  1  2  3  4  5  6  7  8  9 |
---------------+----------------------------+-----
Stealth        | 5 6 7 8 9 |  9.0
Dodging        | 1 2 3 4 |  4.4
Short Blades   | 2 3 4 5 |  5.9
Throwing       | 2 |  2.0
Fighting       | 2 3 |  3.9
Armour         | 1 2 3 |  3.3

Action                   |  1- 3 |  4- 6 |  7- 9 || total
-------------------------+-------+-------+-------++-------
Melee: Dagger            |    40 |     3 |    84 ||   127
       Bite              |    14 |    39 |    46 ||    99
       Short sword       |    41 |   122 |    87 ||   250
       Punch             |       |     2 |     2 ||     4
Throw: Dart              |     3 |     3 |       ||     6
Invok: Lunge             |       |       |     5 ||     5
  Use: Scroll            |     5 |     6 |     3 ||    14
       Potion            |       |       |     2 ||     2
 Stab: Sleeping          |    13 |     7 |    11 ||    31
Armor: Robe              |    16 |     2 |       ||    18
       Leather armour    |       |    39 |    34 ||    73
Dodge: Dodged            |    28 |    79 |    95 ||   202
